 Dungeon Crawl Stone Soup version 0.29.1-14-g9c671dbff4 (webtiles) character file.

Game seed: 18391698503750739841

1652 Cape the Charlatan (level 8, -11/70 HPs)
             Began as a Minotaur Artificer on Feb 16, 2023.
             Was an Initiate of Ashenzari.
             Mangled by an orc warrior
             ... wielding a +0 glaive
              (17 damage)
             ... on level 7 of the Dungeon.
             The game lasted 00:32:45 (6410 turns).

Cape the Charlatan (Minotaur Artificer)             Turns: 6410, Time: 00:32:46

Health: -11/70     AC: 19    Str: 19    XL:     8   Next: 68%
Magic:  7/7        EV:  8    Int:  8    God:    Ashenzari [......]
Gold:   281        SH:  0    Dex: 11    Spells: 7/7 levels left

rFire   + . .      SeeInvis .   a - +4 battleaxe
rCold   x . .      Faith    .   (shield currently unavailable)
rNeg    . . .      Spirit   .   m - +4 chain mail {rPois}
rPois   +          Reflect  .   (helmet restricted)
rElec   .          Harm     .   (no cloak)
rCorr   .          Rampage  .   (no gloves)
Will    .....                   C - +0 pair of boots
Stlth   ..........              (no amulet)
HPRegen 0.21/turn               t - +4 ring of protection
MPRegen 0.10/turn               f - ring of fire

@: weakened
A: horns 2, retaliatory headbutt
a: Renounce Religion, Curse Item


You were on level 7 of the Dungeon.
You worshipped Ashenzari.
Ashenzari was noncommittal.
You visited 2 branches of the dungeon, and saw 8 of its levels.

You collected 281 gold pieces.

Inventory:

Hand Weapons
 a - a +4 battleaxe (weapon)
 G - a +4 scimitar of freezing
 I - a +4 scimitar
 J - a +2 flail of draining
Missiles
 b - 5 poisoned darts
 n - 5 boomerangs
 w - a throwing net (quivered)
Armour
 i - a +0 plate armour
 m - a +4 chain mail of poison resistance (worn)
 C - a +0 pair of boots (worn)
 D - a +0 buckler
Jewellery
 f - a ring of fire (right hand)
 q - a ring of poison resistance
 t - a +4 ring of protection (left hand)
 v - a ring of willpower
 E - a +4 ring of protection
Wands
 c - a wand of flame (6)
 d - a wand of charming (13)
 e - a wand of iceblast (3)
 r - a wand of roots (8)
 y - a wand of mindburst (6)
 B - a wand of digging (4)
Scrolls
 g - a scroll of magic mapping {unknown}
 h - a scroll of butterflies
 k - 2 scrolls of silence
 o - a scroll of teleportation
 p - 3 scrolls of fear
 s - a scroll of immolation
 z - 2 scrolls of blinking {unknown}
 F - 4 scrolls of identify
Potions
 j - a potion of attraction {unknown}
 l - a potion of berserk rage {unknown}
 u - 2 potions of might {unknown}
 x - 2 potions of curing
 H - 2 potions of magic {unknown}


   Skills:
 + Level 5.7 Fighting
 * Level 2.1(3.7) Axes
 - Level 4.6(4.9) Maces & Flails
 + Level 6.2 Armour
 - Level 1.1 Dodging
 - Level 0.7 Stealth
 - Level 2.6 Shields
 * Level 6.9 Evocations


You had 7 spell levels left.
You didn't know any spells.
Your spell library contained the following spells:

 Spells                   Type           Power      Damage    Failure   Level
 Slow                     Hex            0%         N/A       99%         1
 Scorch                   Fire           0%         2d5       99%         2
 Confusing Touch          Hex            0%         N/A       100%        3
 Gell's Gravitas          Tloc           0%         N/A       100%        3
 Lesser Beckoning         Tloc           0%         N/A       100%        3
 Teleport Other           Tloc           0%         N/A       100%        3
 Vampiric Draining        Necr           0%         2d6       100%        3
 Flame Wave               Conj/Fire      0%         2d4       100%        4
 Dispersal                Tloc           0%         N/A       100%        6
 Summon Cactus Giant      Summ           0%         N/A       100%        6


Dungeon Overview and Level Annotations

Branches:
Dungeon (7/15)             Temple (1/1) D:6

Altars:
Ashenzari
Cheibriados
Elyvilon
Fedhas
Gozag
Hepliaklqana
Kikubaaqudgha
Makhleb
Nemelex Xobeh
Okawaru
Qazlal
Ru
Sif Muna
Trog
Uskayaw
Vehumet
Wu Jian
Xom

Portals:
Bailey: D:7

Annotations:
D:7 Joseph


Innate Abilities, Weirdness & Mutations

You have a pair of horns on your head.
You reflexively headbutt those who attack you in melee.


Message History

The goblin throws a boomerang.
The boomerang hits you but does no damage.
The dream sheep bites you but does no damage.
The gnoll bouda gazes fiercely through you!
You feel your attacks grow feeble. The gnoll bouda barely misses you.
You furiously retaliate!
You headbutt the gnoll bouda, but do no damage.
The dream sheep ruffle their wool and motes of dream dust sparkle, to no effect.
The orc wizard mumbles some strange words.
The orc wizard flickers and vanishes!
Deactivating autopickup; reactivate with Ctrl-A.
The goblin hits you but does no damage.
Press: ? - help, v - describe, . - travel The floor.
Unknown command.
You feel much better. The orc barely misses you.
The orc warrior hits you from afar with a +0 glaive!
The dream sheep bites you.
The gnoll bouda hits you with a +0 quarterstaff.
* * * LOW HITPOINT WARNING * * *
The dream sheep "Baaaas" sleepily.
The dream sheep closely misses you. The goblin barely misses you.
You slash the goblin!
You kill the goblin!
You barely miss the orc. You closely miss the dream sheep.
You slash the dream sheep! You slash the gnoll bouda! You miss something.
The dream sheep ruffle their wool and motes of dream dust sparkle, to no effect.
The gnoll bouda closely misses you.
The dream sheep bites you but does no damage.
The orc hits you with a +0 club.
* * * LOW HITPOINT WARNING * * *
The orc warrior hits you from afar with a +0 glaive!
* * * LOW HITPOINT WARNING * * *
The goblin throws a boomerang.
The boomerang closely misses you.
The gnoll bouda hits you but does no damage.
The dream sheep bites you but does no damage.
The dream sheep bites you.
* * * LOW HITPOINT WARNING * * *
The orc warrior hits you from afar with a +0 glaive!
You die...

####### #.....o.#
........# #....o..#
........# #.......#
≈≈~≈≈...# #######.##
≈...≈...# #....##.###
~.∩>~...###....#....#
≈...≈o.o............#
≈≈~≈≈go(Yo.=........#
......(@Yo......)...#
.#.....og...........#
#####...###........#
#...# ##.......#
#...# ####....# #...#
....# ....# ##.##


You could see an orc warrior, 2 dream sheep, a gnoll bouda, 5 orcs and a goblin.

Vanquished Creatures
  Edmund (D:5)
  An ogre (D:5)
  A centaur (D:6)
  2 phantoms (D:5)
  A bullfrog (D:5)
  A necrophage (D:6)
  4 scorpions
  6 wights
  3 gnoll boudas
  2 jellies
  5 iguanas
  2 orc wizards (D:6)
  2 adders
  16 gnolls
  2 white imps (D:5)
  A worm (D:4)
  2 dart slugs
  5 orcs
  11 ball pythons
  2 bats
  5 endoplasms
  2 giant cockroaches
  6 goblins
  4 hobgoblins (D:2)
  6 jackals
  4 quokkas
  2 frilled lizards
  6 kobolds
  4 rats
109 creatures vanquished.

Vanquished Creatures (others)
  A gnoll (D:5)
1 creature vanquished.

Grand Total: 110 creatures vanquished

Notes
Turn   | Place    | Note
-------+----------+-------------------------------------------
     0 | D:1      | Cape the Minotaur Artificer began the quest for the Orb.
     0 | D:1      | Reached XP level 1. HP: 16/16 MP: 0/0
   441 | D:1      | Reached XP level 2. HP: 23/23 MP: 1/1
   653 | D:1      | Found a faded altar of an unknown god.
  1302 | D:2      | Reached XP level 3. HP: 29/29 MP: 2/2
  1878 | D:2      | Identified the +4 ring mail of the Insatiable Priests
                  | {Slay+6}
  2345 | D:3      | Reached XP level 4. HP: 34/37 MP: 3/3
  2401 | D:3      | Found an ornate altar of the Wu Jian Council.
  2402 | D:3      | Found an opulent altar of Gozag.
  2402 | D:3      | Found a burning altar of Makhleb.
  2402 | D:3      | Found an ancient bone altar of Kikubaaqudgha.
  2402 | D:3      | Found a snail-covered altar of Cheibriados.
  2404 | D:3      | Found a hide-covered altar of Uskayaw.
  2407 | D:3      | Found a stormy altar of Qazlal.
  2933 | D:4      | Noticed a scorpion
  2941 | D:4      | Killed a scorpion
  2942 | D:4      | Reached XP level 5. HP: 36/45 MP: 4/4
  3123 | D:4      | Reached XP level 6. HP: 26/52 MP: 5/5
  3473 | D:4      | Reached skill level 5 in Evocations
  3651 | D:5      | Entered Level 5 of the Dungeon
  3656 | D:5      | Noticed Edmund
  3727 | D:5      | Killed Edmund
  3987 | D:5      | Reached skill level 1 in Maces & Flails
  3987 | D:5      | Reached XP level 7. HP: 32/55 MP: 6/6
  4194 | D:5      | Reached skill level 5 in Armour
  4502 | D:5      | Reached skill level 1 in Shields
  4576 | D:5      | Found a bloodstained altar of Trog.
  4935 | D:5      | Reached skill level 5 in Fighting
  4935 | D:5      | Reached XP level 8. HP: 68/68 MP: 7/7
  5217 | D:6      | Found a broken altar of Ashenzari.
  5221 | D:6      | Became a worshipper of Ashenzari the Shackled
  5464 | D:6      | Found a staircase to the Ecumenical Temple.
  5672 | D:6      | Reached skill level 1 in Axes
  5882 | Temple   | Entered the Ecumenical Temple
  6294 | D:7      | Noticed Joseph
  6391 | D:7      | Noticed a dream sheep
  6392 | D:7      | Noticed a dream sheep
  6404 | D:7      | Found a flagged portal.
  6410 | D:7      | Mangled by an orc warrior

Illustrated notes

Levels and vault maps discovered:
D:1:      dpeg_arrival_rooms_c, layout_loops_ring,
          nicolae_ecumenical_snake_handling
D:2:      layout_basic, minmay_misc_feat_plants, nicolae_figureground_sparkle
D:3:      layout_loops_ring, minitemple
D:4:      layout_rooms, dk_noncrumbling_2
D:5:      layout_rooms, mainiacjoe_overflow_six_doors_small, uniq_edmund
D:6:      layout_cave_pools, mainiacjoe_overflow_24_doors,
          minmay_temple_entry_arrows
D:7:      lemuel_castle_with_subvaults [lemuel_castle_interior_carwin_2],
          layout_basic, enter_bailey_5, serial_shops,
          nicolae_shop_advertising_works [nicolae_subvault_shop_adworks],
          dreamdust_gnoll_shepherd, uniq_joseph
Temple:   nicolae_temple_cloud_nine

Skill      XL: |  1  2  3  4  5  6  7  8 |
---------------+-------------------------+-----
Evocations     | 3 4 5 6 |  6.9
Fighting       | 2 3 4 5 |  5.7
Armour         | 3 4 5 6 |  6.2
Maces & Flails | 1 3 4 |  4.6
Shields        | 1 2 |  2.6
Axes           | 2 |  2.1
Dodging        | |  1.1
Stealth        | |  0.7

Action                   |  1- 3 |  4- 6 |  7- 9 || total
-------------------------+-------+-------+-------++-------
Melee: Short sword       |   134 |    50 |       ||   184
       Headbutt          |    24 |    17 |    23 ||    64
       Club              |     3 |       |       ||     3
       Punch             |     5 |     1 |       ||     6
       Flail             |       |    10 |   101 ||   111
       Battleaxe         |       |       |    20 ||    20
Throw: Dart              |    10 |       |       ||    10
       Boomerang         |     7 |     6 |     3 ||    16
Evoke: Wand              |     1 |     6 |     8 ||    15
  Use: Scroll            |     5 |     3 |       ||     8
       Potion            |       |     1 |     3 ||     4
Armor: Plate armour      |    74 |       |       ||    74
       Leather armour    |     1 |       |       ||     1
       Ring mail         |    13 |    20 |       ||    33
       Chain mail        |       |    12 |   110 ||   122
Dodge: Dodged            |    45 |    35 |    76 ||   156
Block: Buckler           |       |       |    18 ||    18
